 Dungeon Crawl Stone Soup version 0.31-a0-188-g5e087ee2ca (webtiles) character file.

Game seed: 11100178896922318499

274 qw the Skirmisher (level 6, -2/34 HPs)
             Began as a Deep Elf Hunter on June 23, 2023.
             Slain by a scorpion (4 damage)
             ... on level 4 of the Dungeon.
             The game lasted 00:00:57 (2682 turns).

qw the Skirmisher (Deep Elf Hunter)                 Turns: 2682, Time: 00:00:57

Health: -2/34      AC:  6    Str: 10    XL:     6   Next: 3%
Magic:  8/8        EV:  9    Int: 14    God:
Gold:   240        SH:  5    Dex: 18    Spells: 5/5 levels left

rFire   . . .        Y - +2 shortbow
rCold   . . .        (shield currently unavailable)
rNeg    . . .        h - +0 scale mail
rPois   .            (no helmet)
rElec   .            (no cloak)
rCorr   .            (no gloves)
SInv    .            (no boots)
Will    .....        j - amulet of reflection
Stlth   +            (no ring)
HPRegen 0.25/turn    (no ring)
MPRegen 0.11/turn

%: reflection
@: lethally poisoned (-2 -> -11)
A: no striking features
a: no special abilities


You were on level 4 of the Dungeon.
You visited 1 branch of the dungeon, and saw 4 of its levels.

You collected 240 gold pieces.


   Skills:
 + Level 1.6 Fighting
 - Level 9.6 Ranged Weapons
 - Level 2.4 Dodging
 - Level 1.2 Stealth


You had 5 spell levels left.
You didn't know any spells.
Your spell library was empty.

Inventory:

Hand Weapons
 Y - a +2 shortbow (weapon)
Armour
 h - a +0 scale mail (worn)
Jewellery
 c - an amulet of the acrobat
 j - an amulet of reflection (around neck)
Scrolls
 k - a scroll of identify
Potions
 a - 2 potions of resistance
 b - a potion of mutation {unknown}
 d - a potion of curing {unknown}
 e - a potion of lignification {unknown}
 f - a potion of brilliance {unknown}
 g - a potion of heal wounds {unknown}
 i - a potion of degeneration {unknown}
 l - a potion of magic {unknown}

Dungeon Overview and Level Annotations

Branches:
Dungeon (4/15)
 Temple: D:4-7

Altars:
Fedhas


Message History

Enter note: You shoot an arrow.
The arrow barely misses the scorpion.
A scorpion is nearby!
You shoot an arrow. The arrow barely misses the scorpion.
You shoot an arrow. The arrow closely misses the scorpion.
You block the scorpion's attack.
You shoot an arrow. The arrow closely misses the scorpion.
You block the scorpion's attack. The scorpion stings you.
You shoot an arrow. The arrow closely misses the scorpion.
You block the scorpion's attack.
You shoot an arrow. The arrow hits the scorpion.
The scorpion is lightly wounded.
The scorpion stings you but does no damage. x2
You shoot an arrow.
The arrow hits the scorpion but does no damage.
The scorpion is lightly wounded.
The scorpion stings you.
You are poisoned.
The scorpion poisons you!
You shoot an arrow. The arrow hits the scorpion.
The scorpion is moderately wounded.
You feel very sick. You block the scorpion's attack.
You shoot an arrow. The arrow barely misses the scorpion.
You feel sick. The scorpion stings you. x2
You shoot an arrow.
The arrow hits the scorpion but does no damage.
The scorpion is moderately wounded.
You feel sick. The scorpion stings you.
You are lethally poisoned!
The scorpion poisons you!
You shoot an arrow. The arrow closely misses the scorpion.
You feel very sick. The scorpion stings you.
The scorpion stings you but does no damage.
You shoot an arrow. The arrow hits the scorpion.
The scorpion is heavily wounded.
You feel very sick. The scorpion stings you.
You die...

#...# #...# ##..# #...# #
#####.### #...#####
#.......#####........
###.###.......)........
.. #.......).........
#.##..........)......
#..s..#.###.#...#.###
#..#@...# #.#........
#.###.#.# #.......#.#
#..#...## #.#...#.#.#
#.....### #.#...#.#.#
#....##.###..........
######.##...#........#..
#..............####..###
...###.#.........<....###
#....###...........#


You could see a scorpion.

Vanquished Creatures
  A sky beast (D:4)
  A hound (D:4)
  An iguana (D:4)
  A gnoll (D:1)
  3 adders
  An ufetubus (D:4)
  3 worms
  A dart slug (D:3)
  An orc (D:3)
  3 ball pythons
  9 endoplasms
  A giant cockroach (D:2)
  12 goblins
  11 hobgoblins
  A quokka (D:1)
  7 bats
  3 frilled lizards
  5 kobolds
  6 rats
71 creatures vanquished.

Notes
Turn   | Place    | Note
-------+----------+-------------------------------------------
     0 | D:1      | qw the Deep Elf Hunter began the quest for the Orb.
     0 | D:1      | Reached XP level 1. HP: 12/12 MP: 3/3
     0 | D:1      | 0 ||| qw: Version: 0.3-a-9-g12657ce
     0 | D:1      | 0 ||| qw: Game counter: 3584
     0 | D:1      | 0 ||| qw: Always use a shield: true
     0 | D:1      | 0 ||| qw: God list: Okawaru
     0 | D:1      | 0 ||| qw: Allow faded altars: false
     0 | D:1      | 0 ||| qw: Do Orc after D:15 true
     0 | D:1      | 0 ||| qw: Do second Lair branch before Depths: true
     0 | D:1      | 0 ||| qw: Lair rune preference: random
     0 | D:1      | 0 ||| qw: Plans: Normal
     0 | D:1      | 0 ||| PLANNING D:1-11
   110 | D:1      | Reached skill level 6 in Ranged Weapons
   110 | D:1      | Reached XP level 2. HP: 16/16 MP: 4/4
   461 | D:1      | Reached XP level 3. HP: 20/20 MP: 5/5
   645 | D:1      | 645 ||| DROPPING ring of wizardry.
   646 | D:1      | 646 ||| READING scroll labelled JOFFEFECLY.
   647 | D:1      | 647 ||| DROPPING scroll of butterflies.
   783 | D:2      | Reached skill level 7 in Ranged Weapons
   985 | D:2      | 985 ||| READING scroll of enchant weapon.
   985 | D:2      | 985 ||| ENCHANTING +1 shortbow.
  1348 | D:2      | 1348 ||| UPGRADING to amulet of reflection.
  1353 | D:2      | 1353 ||| READING scroll labelled XIABLA IBRUZ.
  1354 | D:2      | 1354 ||| READING scroll labelled GUKLIT PUSOLE.
  1355 | D:2      | 1355 ||| DRINKING 3 murky red potions.
  1380 | D:3      | Reached XP level 4. HP: 25/25 MP: 6/6
  1646 | D:3      | Reached skill level 8 in Ranged Weapons
  2072 | D:3      | Found a blossoming altar of Fedhas.
  2081 | D:3      | 2081 ||| DROPPING amulet of magic regeneration.
  2082 | D:3      | 2082 ||| READING scroll labelled XAD MEIFOASCHAU.
  2083 | D:3      | 2083 ||| READING scroll labelled VEFFADUGHI.
  2237 | D:4      | Reached XP level 5. HP: 15/29 MP: 7/7
  2237 | D:4      | 2237 ||| FLEEEEING.
  2238 | D:4      | 2238 ||| FLEEEEING.
  2239 | D:4      | 2239 ||| FLEEEEING.
  2240 | D:4      | 2240 ||| FLEEEEING.
  2241 | D:4      | 2241 ||| FLEEEEING.
  2242 | D:4      | 2242 ||| FLEEEEING.
  2243 | D:4      | 2243 ||| FLEEEEING.
  2244 | D:4      | 2244 ||| FLEEEEING.
  2246 | D:4      | 2246 ||| FLEEEEING.
  2251 | D:4      | 2251 ||| STAIRDANCE
  2298 | D:4      | 2298 ||| STAIRDANCE
  2345 | D:3      | 2345 ||| UPGRADING to +0 scale mail.
  2355 | D:3      | 2355 ||| DROPPING +0 leather armour.
  2461 | D:4      | Noticed a sky beast
  2470 | D:4      | Killed a sky beast
  2471 | D:4      | Reached skill level 9 in Ranged Weapons
  2471 | D:4      | Reached XP level 6. HP: 19/34 MP: 8/8
  2681 | D:4      | HP: 5/34 [scorpion (5)]
  2682 | D:4      | HP: 2/34 [poisoned by a scorpion]
  2682 | D:4      | Slain by a scorpion

Levels and vault maps discovered:
D:1:      wander_arrival_estate, layout_loops_ring, chequers_jeans,
          grunt_decor_fettered
D:2:      layout_basic
D:3:      layout_loops_ring, fedhas_altar_4, minmay_fountain_box,
          chequers_arboretum, hex_large
D:4:      layout_loops_cross

Skill      XL: |  1  2  3  4  5 |
---------------+----------------+-----
Ranged Weapons | 6 7 8 9 |  9.6
Fighting       | |  1.6
Dodging        | |  2.4
Stealth        | |  1.2

Action                     |  1- 3 |  4- 6 || total
---------------------------+-------+-------++-------
   Fire: Shortbow          |   101 |    93 ||   194
    Use: Scroll            |     4 |     2 ||     6
         Potion            |     1 |       ||     1
 Armour: Leather armour    |     4 |     2 ||     6
         Scale mail        |       |    12 ||    12
  Dodge: Dodged            |    12 |    19 ||    31
  Block: Other             |       |    11 ||    11

Table legend:
 A = Non-vault XP
 B = Vault XP
 C = Vault XP percentage of total XP
 D = Non-vault monster count
 E = Vault monster count
 F = Vault count percentage of total count
                 A         B        C        D         E       F
            +---------+---------+-------+---------+---------+-------
      Total |     392 |       0 |   0.0 |      71 |       0 |   0.0
            +---------+---------+-------+---------+---------+-------
        D:1 |      47 |       0 |   0.0 |      21 |       0 |   0.0
        D:2 |      44 |       0 |   0.0 |      18 |       0 |   0.0
        D:3 |      69 |       0 |   0.0 |      24 |       0 |   0.0
        D:4 |     232 |       0 |   0.0 |       8 |       0 |   0.0
            +---------+---------+-------+---------+---------+-------
